 Dungeon Crawl Stone Soup version 0.30-a0-371-gad7725a93e (webtiles) character file.

Game seed: 4086522385841462239

14235 gruber the Fighter (level 12, -9/102 HPs)
             Began as a Merfolk Transmuter on Nov 22, 2022.
             Was an Initiate of Gozag.
             Mangled by a white ugly thing (24 damage)
             ... on level 12 of the Dungeon.
             The game lasted 00:20:34 (13546 turns).

gruber the Fighter (Merfolk Transmuter)            Turns: 13546, Time: 00:20:35

Health: -9/102     AC: 11    Str: 15    XL:     12   Next: 14%
Magic:  21/21      EV: 17    Int: 23    God:    Gozag
Gold:   551        SH:  0    Dex: 14    Spells: 7/15 levels left

rFire   . . .      SeeInvis .    J - +6 Majin-Bo {vamp, MP+6 Int+6}
rCold   . . .      Faith    .    (shield currently unavailable)
rNeg    + . .      Spirit   .    v - +1 robe "Keni" {rElec rN+ Str+4}
rPois   .          Reflect  .    (no helmet)
rElec   +          Harm     .    H - +2 cloak
rCorr   +          Rampage  .    f - +0 pair of gloves
Will    .....                    (no boots)
Stlth   +.........               r - amulet of regeneration
HPRegen 1.17/turn                a - ring of resist corrosion
MPRegen 0.17/turn                F - +4 ring of protection

@: lethally poisoned (-9 -> -10), gold aura
A: (nimble swimmer 2), mertail
a: Renounce Religion, Potion Petition, Call Merchant, Bribe Branch


You were on level 12 of the Dungeon.
You worshipped Gozag.
Gozag was pleased with you.
You visited 2 branches of the dungeon, and saw 13 of its levels.

You collected 1893 gold pieces.
You spent 890 gold pieces at shops.
You paid 452 gold pieces to Gozag.

Inventory:

Hand Weapons
 d - a +4 sling of freezing
 k - a +2 sling of flaming
 J - the +6 Majin-Bo (weapon) {vamp, MP+6 Int+6}
   (You bought it in a shop on level 2 of the Dungeon)

   It heals its wielder for a portion of the damage dealt when they wound a
   living foe with it or with a spell.
   Its wielder's spells cost health as well as magical power.
   Int:       It affects your intelligence (+6).
   MP:        It affects your magic capacity (+6).
Missiles
 g - 5 throwing nets
 M - 4 curare-tipped darts
 N - 9 poisoned darts (quivered)
Armour
 f - a +0 pair of gloves (worn)
 v - the +1 robe "Keni" (worn) {rElec rN+ Str+4}
   (You found it on level 5 of the Dungeon)

   Str:       It affects your strength (+4).
   rElec:     It insulates you from electricity.
   rN:        It protects you from negative energy.
 H - a +2 cloak (worn)
Jewellery
 a - a ring of resist corrosion (left hand)
 r - an amulet of regeneration (around neck)
 F - a +4 ring of protection (right hand)
Wands
 q - a wand of paralysis (8)
 A - a wand of digging (6)
 D - a wand of flame (29)
 K - a wand of roots (5)
Scrolls
 j - 2 scrolls of noise {unknown}
 m - 7 scrolls of identify
 n - 2 scrolls of fear {unknown}
 o - 2 scrolls of magic mapping {unknown}
 s - a scroll of poison {unknown}
 t - 2 scrolls of amnesia {unknown}
 y - a scroll of torment {unknown}
 B - 2 scrolls of immolation {unknown}
 C - a scroll of enchant armour
 G - a scroll of blinking {unknown}
 O - a scroll of enchant weapon {unknown}
Potions
 b - 3 potions of lignification
 c - a potion of might
 e - 3 potions of heal wounds
 h - 5 potions of curing
 i - 3 potions of attraction {unknown}
 l - 3 potions of mutation {unknown}
 p - 2 potions of cancellation {unknown}
 u - 3 potions of haste {unknown}
 w - a potion of ambrosia {unknown}
 x - 3 potions of flight {unknown}
 z - 2 potions of resistance {unknown}
 E - a potion of degeneration {unknown}
 I - a potion of berserk rage {unknown}
 L - 3 potions of brilliance {unknown}


   Skills:
 - Level 12.2 Fighting
 * Level 9.2 Staves
 - Level 2.0 Ranged Weapons
 - Level 10.3 Dodging
 - Level 8.0 Unarmed Combat
 - Level 2.0 Spellcasting
 - Level 7.1 Transmutations


You had 7 spell levels left.
You knew the following spells:

 Your Spells              Type           Power      Damage    Failure   Level
a - Beastly Appendage     Tmut           70%        N/A       1%          1
b - Spider Form           Tmut/Pois      18%        N/A       9%          3
c - Ice Form              Ice/Tmut       18%        N/A       30%         4

Your spell library contained the following spells:

 Spells                   Type           Power      Damage    Failure   Level
 Wereblood                Tmut           35%        N/A       1%          2
 Slow                     Hex            8%         N/A       13%         1
 Confusing Touch          Hex            2%         N/A       36%         3
 Inner Flame              Hex/Fire       2%         N/A       36%         3
 Vampiric Draining        Necr           2%         2d6       36%         3
 Flame Wave               Conj/Fire      2%         2d4       77%         4
 Olgreb's Toxic Radiance  Pois           2%         N/A       77%         4
 Sticky Flame             Conj/Fire      2%         2d3       77%         4
 Ozocubu's Refrigeration  Ice            1%         4d7       100%        7
 Ignition                 Fire           1%         3d3       100%        8


Dungeon Overview and Level Annotations

Branches:
Dungeon (12/15)            Temple (1/1) D:6            Lair (0/5) D:9
    Orc (0/2) D:11

Altars:
Ashenzari
Cheibriados
Dithmenos
Elyvilon
Fedhas
Gozag
Hepliaklqana
Kikubaaqudgha
Makhleb
Nemelex Xobeh
Okawaru
Qazlal
Ru
Sif Muna
Trog
Uskayaw
Vehumet
Wu Jian
Xom
Yredelemnul
Zin
The Shining One

Shops:
D:2 *(   D:4 [   D:6 *[   D:7 ?   D:8 *

Annotations:
D:2 Jessica


Innate Abilities, Weirdness & Mutations

((You are very nimble when in or above water. (Stealth+, EV+, Speed+++)))
Your lower body shifts to a powerful aquatic tail in water.


Message History

You are too injured to fight recklessly!
You closely miss the white ugly thing.
The white ugly thing is moderately wounded.
You feel sick.
The gnoll sergeant completely misses you.
The white ugly thing engulfs you. The white ugly thing freezes you!
* * * LOW HITPOINT WARNING * * *
Aiming: Fastroot
Press: ? - help, Shift-Dir - straight line, f - white ugly thing
Aim: a white ugly thing (moderately wounded)
The roots erupt in riotous growth!
Roots grab the white ugly thing.
Roots grab the gnoll sergeant.
The grasping roots constrict the white ugly thing.
The grasping roots constrict the gnoll sergeant.
You feel sick.
The gnoll sergeant hits you from afar with a +1 spear of venom.
* * * LOW HITPOINT WARNING * * *
You are more poisoned.
The white ugly thing misses you.
Unknown command.
Unknown command.
The grasping roots constrict the white ugly thing.
The grasping roots constrict the gnoll sergeant!
You kill the gnoll sergeant!
You feel very sick.
The roots release their grip on the white ugly thing.
You sock the white ugly thing!
You feel better.
The white ugly thing is heavily wounded.
You feel very sick. The white ugly thing misses you.
You sock the white ugly thing!
You feel better.
The white ugly thing is severely wounded.
You feel sick.
You barely miss the white ugly thing.
The white ugly thing is severely wounded.
You feel sick. The white ugly thing engulfs you!
* * * LOW HITPOINT WARNING * * *
The white ugly thing freezes you!!
You die...
Your body crumbles into a pile of gold.

..##H##..##.
#..###..##.#
##?.#..##.#
.##...##.#
#.##.##.#
##.###.###########
....#............#
.................#
################@#
#u# #5#
#############g#
.......ggg5.gg#
........u.....#
..............#
..############# .


You could see a white ugly thing, a quasit and 3 gnolls.

Vanquished Creatures
  Harold (D:9)
  Erica (D:9)
  3 two-headed ogres
  Sonja (D:12)
  A cyclops (D:12)
  2 manticores
  Maurice (D:8)
  3 komodo dragons
  An unseen horror (D:11)
  2 hellwings
  2 trolls
  Prince Ribbit (D:8)
  4 spriggans (D:8)
  A wraith (D:11)
  3 wyverns (D:9)
  6 yaks (D:8)
  A steam dragon (D:8)
  A vampire mosquito (D:5)
  5 acid dragons
  Duvessa (D:7)
  2 orc warriors
  2 black bears
  3 sky beasts
  3 ice beasts
  A swamp drake (D:9)
  2 ogres (D:6)
  5 centaurs
  2 kobold brigands
  A phantom (D:6)
  3 bullfrogs (D:9)
  2 gnoll sergeants
  2 necrophages
  5 wights
  Dowan (D:7)
  9 howler monkeys
  A quasit (D:12)
  A hound (D:7)
  5 jellies
  Crazy Yiuf (D:3)
  12 orc priests
  9 orc wizards
  Natasha (thrice) (D:3)
  7 iguanas
  10 adders
  14 gnolls
  A shadow imp (D:7)
  A white imp (D:7)
  An ufetubus (D:6)
  3 worms (D:2)
  2 dart slugs (D:4)
  45 orcs
  6 ball pythons
  5 bats
  10 endoplasms
  11 giant cockroaches
  10 goblins
  9 hobgoblins
  10 jackals
  7 kobolds
  5 quokkas
  7 frilled lizards
  9 rats
289 creatures vanquished.

Vanquished Creatures (collateral kills)
  A kobold (D:2)
1 creature vanquished.

Grand Total: 290 creatures vanquished

Notes
Turn   | Place    | Note
-------+----------+-------------------------------------------
     0 | D:1      | gruber the Merfolk Transmuter began the quest for the Orb.
     0 | D:1      | Reached XP level 1. HP: 15/15 MP: 3/3
    57 | D:1      | Reached XP level 2. HP: 10/21 MP: 3/5
   208 | D:1      | Reached skill level 1 in Ranged Weapons
   215 | D:1      | Reached XP level 3. HP: 26/26 MP: 6/6
   605 | D:2      | Found Bynweg's Weapon Shop.
   620 | D:2      | Noticed Jessica
   714 | D:2      | Reached XP level 4. HP: 33/33 MP: 7/7
   737 | D:1      | Reached skill level 2 in Fighting
   948 | D:2      | Reached skill level 3 in Fighting
  1056 | D:2      | Reached XP level 5. HP: 34/41 MP: 8/8
  1305 | D:2      | Found Teab's General Store.
  1567 | D:3      | Noticed Natasha
  1580 | D:2      | Reached skill level 4 in Fighting
  1779 | D:3      | Found a runed translucent door.
  1780 | D:3      | Noticed Crazy Yiuf
  2029 | D:3      | Reached skill level 5 in Fighting
  2029 | D:3      | Reached XP level 6. HP: 51/51 MP: 9/9
  2058 | D:3      | Killed Natasha
  2113 | D:3      | Noticed Natasha
  2123 | D:3      | Killed Natasha
  2154 | D:3      | Noticed Natasha
  2161 | D:3      | Killed Natasha
  2506 | D:3      | Learned a level 3 spell: Spider Form
  2540 | D:4      | Found Fuuqe's Armour Boutique.
  2628 | D:4      | Noticed a black bear
  2654 | D:4      | Killed a black bear
  2655 | D:4      | Reached skill level 6 in Fighting
  2655 | D:4      | Reached XP level 7. HP: 40/59 MP: 7/10
  3063 | D:4      | Reached skill level 5 in Dodging
  3213 | D:4      | Found a blossoming altar of Fedhas.
  3509 | D:5      | Entered Level 5 of the Dungeon
  3724 | D:5      | Reached XP level 8. HP: 18/65 MP: 5/11
  3889 | D:5      | Identified the +1 robe "Keni" {rElec rN+ Str+4}
  4195 | D:6      | Found a staircase to the Ecumenical Temple.
  4315 | D:6      | Reached skill level 10 in Dodging
  4352 | D:6      | Found Haung's General Store.
  4455 | D:6      | Found Perugutz's Antique Armour Shop.
  4528 | D:6      | Reached skill level 5 in Transmutations
  4560 | D:6      | Reached XP level 9. HP: 48/71 MP: 12/12
  4832 | D:6      | Reached skill level 5 in Unarmed Combat
  5069 | Temple   | Entered the Ecumenical Temple
  5134 | Temple   | Became a worshipper of Gozag Ym Sagoz the Greedy
  5219 | D:7      | Noticed Duvessa
  5231 | D:7      | Killed Duvessa
  5231 | D:7      | Noticed Dowan
  5239 | D:7      | Found a shadowy altar of Dithmenos.
  5243 | D:7      | Found a hazy altar of Hepliaklqana.
  5245 | D:7      | Killed Dowan
  5490 | D:7      | Found Ojeheu's Magic Scroll Emporium.
  5613 | D:7      | Learned a level 4 spell: Ice Form
  5803 | D:7      | Identified the +2 hand axe "Zuoliano" {spect, Will+}
  6400 | D:8      | Found Irijing's Assorted Antiques.
  6423 | D:8      | Noticed a two-headed ogre
  6441 | D:8      | Killed a two-headed ogre
  6442 | D:8      | Reached skill level 8 in Fighting
  6442 | D:8      | Reached XP level 10. HP: 82/82 MP: 11/13
  6516 | D:8      | Reached skill level 9 in Fighting
  6709 | D:8      | Found a hide-covered altar of Uskayaw.
  6710 | D:8      | Found a stormy altar of Qazlal.
  6969 | D:8      | Reached skill level 10 in Fighting
  7176 | D:8      | Noticed Maurice
  7305 | D:8      | Paralysed by Maurice for 5 turns
  7318 | D:8      | Killed Maurice
  7368 | D:8      | Noticed Prince Ribbit
  7372 | D:8      | Reached skill level 11 in Fighting
  7390 | D:8      | Killed Prince Ribbit
  7962 | D:8      | Reached skill level 12 in Fighting
  8543 | D:2      | Bought the +6 Majin-Bo {vamp, MP+6 Int+6} for 890 gold
                  | pieces
  8543 | D:2      | Found the +6 Majin-Bo {vamp, MP+6 Int+6}
  8686 | D:3      | Killed Crazy Yiuf
  8819 | D:9      | Noticed Erica
  8834 | D:9      | Killed Erica
  8835 | D:9      | Reached XP level 11. HP: 95/95 MP: 11/14
  9028 | D:9      | Noticed Harold
  9043 | D:9      | Killed Harold
  9054 | D:9      | Noticed a manticore
  9067 | D:9      | Killed a manticore
  9115 | D:9      | Found a shimmering altar of Xom.
  9354 | D:9      | Reached skill level 5 in Staves
 10042 | D:9      | Found a staircase to the Lair.
 10483 | D:10     | Entered Level 10 of the Dungeon
 10708 | D:10     | Found an ornate altar of the Wu Jian Council.
 11007 | D:10     | Noticed a two-headed ogre
 11684 | D:10     | Killed a two-headed ogre
 12600 | D:11     | Found a staircase to the Orcish Mines.
 12601 | D:11     | Noticed a two-headed ogre
 12614 | D:11     | Killed a two-headed ogre
 13069 | D:12     | Noticed Sonja
 13092 | D:12     | Killed Sonja
 13093 | D:12     | Reached XP level 12. HP: 33/102 MP: 15/15
 13546 | D:12     | Mangled by a white ugly thing

Illustrated notes

Levels and vault maps discovered:
D:1:      tarquinn_simple_flora_water_c, layout_rooms, minmay_tetromino_i2
D:2:      layout_basic, serial_shops, nicolae_shop_bloodbath_and_beyond,
          shop_statue, minmay_mini_jars, uniq_jessica
D:3:      layout_loops_ring, guppyfry_early_lair_pool, uniq_natasha,
          uniq_crazy_yiuf_cottage
D:4:      minmay_spotlight, layout_basic, fedhas_altar_fruit_tree, serial_shops,
          nicolae_shop_trees, minivault_27
D:5:      layout_basic
D:6:      layout_basic, minmay_temple_entry_large_hall, serial_shops,
          shop_statue, kennysheep_little_box, minmay_microvault
D:7:      layout_loops_ring, riverfiend_overflow_shadow_ancestor, serial_shops,
          shop, minivault_1, uniq_duvessa
D:8:      kb_forest_paths, layout_layer_cave, nicolae_overflow_two_pavilions,
          serial_shops, nicolae_shop_statue_plus, uniq_maurice,
          uniq_prince_ribbit1
D:9:      layout_long_grid, mainiacjoe_overflow_cross_hatched, erik_lair_dragon,
          uniq_harold, uniq_erica
D:10:     layout_layer_cave, nzn_wu_jian_council_hall
D:11:     layout_basic, orc_0_dummy
D:12:     layout_long_grid, serial_demonic, serial_demonic_g, serial_demonic_f,
          serial_demonic_a, serial_demonic_c, minmay_diamond_spiral, uniq_sonja
Temple:   eino_wide_crystal_templ

Skill      XL: |  1  2  3  4  5  6  7  8  9 10 11 12 |
---------------+-------------------------------------+-----
Unarmed Combat | 4 8 |  8.0
Ranged Weapons | 1 2 |  2.0
Fighting       | 3 5 6 8 12 | 12.2
Dodging        | 7 10 | 10.3
Transmutations | 5 7 |  7.1
Staves         | 3 8 9 |  9.2
Spellcasting   | |  2.0

Action                   |  1- 3 |  4- 6 |  7- 9 | 10-12 || total
-------------------------+-------+-------+-------+-------++-------
Melee: Unarmed           |    26 |     9 |   117 |   123 ||   275
       Tailslap          |     5 |       |       |       ||     5
       Headbutt          |     1 |       |       |       ||     1
       Punch             |     1 |       |       |       ||     1
       Quarterstaff      |       |       |       |   291 ||   291
 Fire: Sling             |    63 |   170 |   289 |   155 ||   677
Throw: Dart              |       |       |       |    44 ||    44
 Cast: Beastly Appendage |     3 |       |       |       ||     3
       Spider Form       |       |     1 |    15 |    17 ||    33
Invok: Potion Petition   |       |       |       |     1 ||     1
Evoke: Wand              |       |       |       |     4 ||     4
  Use: Scroll            |     3 |       |       |     1 ||     4
       Potion            |       |       |     1 |     3 ||     4
 Stab: Distracted        |       |       |     2 |     2 ||     4
       Paralysed         |       |       |       |     5 ||     5
Armor: Robe              |     9 |    16 |    28 |   121 ||   174
       Skin              |       |     3 |     8 |     7 ||    18
Dodge: Dodged            |    28 |    74 |   233 |   439 ||   774

Table legend: (Time is in decaauts)
 A = Elapsed time spent in this place.
 B = Non-inter-level travel time spent in this place.
 C = Inter-level travel time spent in this place.
 D = Time resting spent in this place.
 E = Time spent auto-exploring this place.
 F = Levels seen in this place.
 G = Mean time per level.
                   A        B        C        D        E       F      G
               +--------+--------+--------+--------+--------+-----+--------+
         Total |  13685 |  12292 |   1393 |    212 |   9412 |  13 | 1052.7 |
       Dungeon |  13595 |  12227 |   1368 |    212 |   9372 |  12 | 1132.9 |
        Temple |     89 |     65 |     24 |      0 |     40 |   1 |   89.0 |
               +--------+--------+--------+--------+--------+-----+--------+

Top non-repeatable levels by time:
     D:8: 2297 daAuts
     D:9: 1717 daAuts
    D:10: 1288 daAuts
     D:7: 1266 daAuts
     D:2: 1140 daAuts
     D:6: 1135 daAuts
     D:3: 1125 daAuts
     D:4: 1104 daAuts
    D:11: 728 daAuts
     D:5: 690 daAuts
     D:1: 629 daAuts
    D:12: 472 daAuts
  Temple: 89 daAuts
